 Dungeon Crawl Stone Soup version 0.29-a0-878-g7b45a56547 (webtiles) character file.

Game seed: 8881423156259155561

30 RepoMan the Vexing (level 3, 0/20 HPs)
             Began as a Deep Elf Arcane Marksman on July 20, 2022.
             Succumbed to an adder's poison
             ... on level 2 of the Dungeon.
             The game lasted 00:08:19 (655 turns).

RepoMan the Vexing (Deep Elf Arcane Marksman)        Turns: 655, Time: 00:08:20

Health: 0/20       AC:  2    Str:  7    XL:     3   Next: 3%
Magic:  15/16      EV: 13    Int: 17    God:
Gold:   57         SH:  0    Dex: 17    Spells: 4/5 levels left

rFire   . . .      SeeInvis .   a - +0 sling
rCold   . . .      Faith    .   (no shield)
rNeg    . . .      Spirit   .   c - +0 robe
rPois   .          Reflect  .   (no helmet)
rElec   .          Harm     .   (no cloak)
rCorr   .          Rampage  .   (no gloves)
Will    .....                   (no boots)
Stlth   ++........              (no amulet)
HPRegen 0.06/turn               g - ring of magical power
MPRegen 0.15/turn               (no ring)

@: lethally poisoned (0 -> -2)
A: no striking features
a: no special abilities


You were on level 2 of the Dungeon.
You visited 1 branch of the dungeon, and saw 2 of its levels.

You collected 57 gold pieces.

Inventory:

Hand Weapons
 a - a +0 sling (weapon)
 d - a +0 dagger
Armour
 c - a +0 robe (worn)
Jewellery
 g - a ring of magical power (left hand)
Scrolls
 b - 2 scrolls of vulnerability


   Skills:
 - Level 0.7 Fighting
 * Level 3.7 Ranged Weapons
 + Level 2.9 Dodging
 - Level 1.5 Spellcasting
 + Level 4.6 Hexes


You had 4 spell levels left.
You knew the following spells:

 Your Spells              Type           Power      Damage    Failure   Level
w - Slow                  Hex            68%        N/A       3%          1

Your spell library contained the following spells:

 Spells                   Type           Power      Damage    Failure   Level
 Inner Flame              Hex/Fire       9%         N/A       24%         3
 Portal Projectile        Hex/Tloc       18%        N/A       24%         3
 Cause Fear               Hex            8%         N/A       30%         4


Dungeon Overview and Level Annotations

Branches:
Dungeon (1/15)

Altars:


Message History

The adder bites you.
Okay, then.
You aren't carrying any potions.
Okay, then.
As you read the scroll labelled PITROU WOQE, it crumbles to dust.
It is a scroll of identify.
h - a scroll of teleportation The adder bites you.
You are poisoned.
The adder poisons you!
As you read the scroll of teleportation, it crumbles to dust.
You feel strangely unstable.
You feel sick. The adder bites you.
You are lethally poisoned!
The adder poisons you!
Unknown command.
You feel very sick.
You are lethally poisoned (8 -> -1).
You are about to teleport.
Your movement speed is average.
Your attack delay is about 1.2.
Unknown command.
You aren't carrying any potions.
You are too injured to fight recklessly!
Fire: a) +0 sling
Press: ? - help, Q - select action, (/) - cycle Shift-Dir - straight line, f/p - adder
Aim: an adder (lightly wounded, slow, 38% to hit)
Okay, then.
Your surroundings suddenly seem different.
* * * LOW HITPOINT WARNING * * *
You feel sick.
* * * LOW HITPOINT WARNING * * *
You feel sick.
* * * LOW HITPOINT WARNING * * *
You feel sick.
* * * LOW HITPOINT WARNING * * *
You feel sick.
* * * LOW HITPOINT WARNING * * *
You feel sick.
Found 10 gold pieces.
* * * LOW HITPOINT WARNING * * *
You feel sick.
You die...

#. ... ###.# ..†# #.#
#..#.###########....#
#............@.....$.
#..####################
†###.....................#
......##################.#
#.###.# ########## #.#
......# #........# #.#
##....#####........#####.#
#.......................#
#....#####.........######


There were no monsters in sight!

Vanquished Creatures
  A gnoll (D:1)
  2 dart slugs
  3 bats (D:1)
  An endoplasm (D:1)
  A giant cockroach (D:1)
  A goblin (D:1)
  3 hobgoblins (D:1)
  A frilled lizard (D:2)
  2 rats (D:1)
15 creatures vanquished.

Notes
Turn   | Place    | Note
-------+----------+-------------------------------------------
     0 | D:1      | RepoMan the Deep Elf Arcane Marksman began the quest for
                  | the Orb.
     0 | D:1      | Reached XP level 1. HP: 11/11 MP: 5/5
   365 | D:1      | Reached XP level 2. HP: 16/16 MP: 6/6
   580 | D:1      | You fall into a shaft and drop 1 floor!
   609 | D:2      | Reached XP level 3. HP: 20/20 MP: 7/7
   654 | D:2      | HP: 1/20 [poisoned by an adder]
   655 | D:2      | Succumbed to an adder's poison

Illustrated notes

Levels and vault maps discovered:
D:1:      dpeg_arrival_arbitrary_a, layout_basic
D:2:      layout_basic, chequers_ecumenical_altar_simple, basic_altar,
          wad_woods_river_04

Skill      XL: |  1 |
---------------+----+-----
Ranged Weapons | 3 |  3.7
Fighting       | |  0.7
Dodging        | |  2.9
Spellcasting   | |  1.5
Hexes          | |  4.6

Action                   || total
-------------------------++-------
 Fire: Sling             ||    61
 Cast: Slow              ||    14
  Use: Scroll            ||     2
Armor: Robe              ||     7
Dodge: Dodged            ||    23

Table legend: (Time is in decaauts)
 A = Elapsed time spent in this place.
 B = Non-inter-level travel time spent in this place.
 C = Inter-level travel time spent in this place.
 D = Time resting spent in this place.
 E = Time spent auto-exploring this place.
 F = Levels seen in this place.
 G = Mean time per level.
                   A        B        C        D        E       F      G
               +--------+--------+--------+--------+--------+-----+--------+
         Total |    668 |    668 |      0 |     22 |    108 |   2 |  334.0 |
       Dungeon |    668 |    668 |      0 |     22 |    108 |   2 |  334.0 |
               +--------+--------+--------+--------+--------+-----+--------+

Top non-repeatable levels by time:
     D:1: 592 daAuts
     D:2: 76 daAuts
